 Seeded DCSS version 0.30-a0-475-g03497ec522 (webtiles) character file.

Game seed: 15299751156022019397 (custom seed)

15659 purpskrrrp the Slicer (level 11, -7/92 HPs)
             Began as a Demigod Brigand on Dec 21, 2022.
             Mangled by a boulder beetle (20 damage)
             ... on level 12 of the Dungeon.
             The game lasted 00:22:54 (11993 turns).

purpskrrrp the Slicer (Demigod Brigand)            Turns: 11993, Time: 00:22:55

Health: -7/92      AC:  7    Str:  9    XL:     11   Next: 72%
Magic:  14/14      EV: 22    Int: 20    God:
Gold:   750        SH:  0    Dex: 37    Spells: 10/10 levels left

rFire   . . .      SeeInvis .    m - +10 dagger of Okkiorch {elec, Will++ Str-2 Int+4}
rCold   . . .      Faith    .    (no shield)
rNeg    . . .      Spirit   .    r - +2 robe {Will+}
rPois   .          Reflect  .    (helmet restricted)
rElec   .          Harm     .    c - +0 cloak
rCorr   .          Rampage  +    p - +0 pair of gloves
Will    ++++.                    v - +0 pair of boots {rampage}
Stlth   ++++++....               n - amulet of regeneration
HPRegen 1.15/turn                e - +6 ring of intelligence
MPRegen 0.14/turn                H - +6 ring of dexterity

@: on berserk cooldown, slowed, studying Short Blades, very slow
A: high MP 1, forlorn, divine attributes, hooves 1, horns 1, agile 1, dopey 1
a: no special abilities


You were on level 12 of the Dungeon.
You visited 2 branches of the dungeon, and saw 13 of its levels.

You collected 750 gold pieces.

Inventory:

Hand Weapons
 a - a +3 dagger
 m - the +10 dagger of Okkiorch (weapon) {elec, Will++ Str-2 Int+4}
   (You found it on level 2 of the Dungeon)

   It occasionally discharges a powerful burst of electricity upon striking a
   foe.
   Str:       It affects your strength (-2).
   Int:       It affects your intelligence (+4).
   Will:      It greatly increases your willpower.
 w - a +0 broad axe
Missiles
 J - 4 javelins
 K - 6 poisoned darts (quivered)
 M - 5 throwing nets
 N - 6 boomerangs
 O - a curare-tipped dart
Armour
 b - a +0 robe
 c - a +0 cloak (worn)
 p - a +0 pair of gloves (worn)
 r - a +2 robe of willpower (worn)
 v - a +0 pair of boots of rampaging (worn)
 L - a +0 helmet
Jewellery
 e - a +6 ring of intelligence (left hand)
 g - a ring of see invisible
 k - a ring of wizardry
 n - an amulet of regeneration (around neck)
 y - a ring of ice
 H - a +6 ring of dexterity (right hand)
Wands
 t - a wand of polymorph (22)
 u - a wand of flame (17)
 x - a wand of paralysis (5)
 B - a wand of mindburst (14)
 C - a wand of digging (5)
 I - a wand of iceblast (14)
Scrolls
 i - 6 scrolls of teleportation
 j - 6 scrolls of enchant weapon
 q - a scroll of blinking
 E - 3 scrolls of poison
Potions
 d - a potion of flight
 f - 6 potions of brilliance
 l - 5 potions of degeneration
 o - 6 potions of lignification
 s - a potion of ambrosia
 z - 2 potions of magic
 A - a potion of invisibility
 D - a potion of cancellation {unknown}
 P - a potion of haste {unknown}


   Skills:
 + Level 7.6 Fighting
 * Level 13.4 Short Blades
 - Level 1.7 Throwing
 + Level 7.4 Dodging
 * Level 12.1 Stealth


You had 10 spell levels left.
You didn't know any spells.
Your spell library contained the following spells:

 Spells                   Type           Power      Damage    Failure   Level
 Ensorcelled Hibernation  Hex/Ice        0%         N/A       28%         2
 Passwall                 Tmut/Erth      0%         N/A       28%         2
 Static Discharge         Conj/Air       0%         2-2/arc   28%         2
 Ozocubu's Armour         Ice            0%         N/A       50%         3
 Spider Form              Tmut/Pois      0%         N/A       50%         3
 Swiftness                Air            0%         N/A       50%         3
 Vhi's Electric Charge    Tloc/Air       0%         N/A       50%         3
 Anguish                  Hex/Necr       0%         N/A       88%         4
 Arcjolt                  Conj/Air       0%         1d10      99%         5
 Lightning Bolt           Conj/Air       0%         1d11      99%         5
 Ozocubu's Refrigeration  Ice            0%         4d7       100%        7


Dungeon Overview and Level Annotations

Branches:
Dungeon (12/15)            Temple (1/1) D:5            Lair (0/5) D:10
    Orc (0/2) D:11

Shops:
D:1 *   D:5 ==(*

Annotations:
D:3 3 runed translucent doors, karrick's ghost, weakling GrFi; whiskeysaurus's ghost, amateur DjFE
D:5 2 transporters


Innate Abilities, Weirdness & Mutations

You have an increased reservoir of magic. (+10% MP)
You shall have no god before yourself.
Your divine heritage dramatically boosts your attributes as you level up.
You have large cloven feet.
You have a pair of small horns on your head.
You are agile. (Dex +4, Str/Int -1)
You are dopey. (Int -2)


Message History

The orc hits you with a +0 war axe.
* * * LOW HITPOINT WARNING * * *
You hit the white ugly thing.
The white ugly thing is almost dead.
The white ugly thing headbutts you.
* * * LOW HITPOINT WARNING * * *
The white ugly thing freezes you!
* * * LOW HITPOINT WARNING * * *
You hit the white ugly thing but do no damage.
You headbutt the white ugly thing, but do no damage.
The white ugly thing is almost dead.
The orc warrior closely misses you. The orc completely misses you.
You puncture the white ugly thing!
You kill the white ugly thing!
You feel better. The orc warrior completely misses you.
The orc closely misses you.
You puncture the orc! Lightning courses through the orc!
You kill the orc!
The orc warrior hits you from afar with a +0 glaive!
* * * LOW HITPOINT WARNING * * *
A boulder beetle comes into view.
The orc warrior misses you.
Things that are here:
a +0 war axe; an orc corpse A red film seems to cover your vision as you go berserk!
You feel yourself moving faster!
You feel mighty! The orc warrior barely misses you.
The boulder beetle curls into a ball and begins rolling!
You feel a strong urge to attack something.
You impale the orc warrior!!
You kill the orc warrior!
You feel a strong urge to attack something.
There is a stone staircase leading up, spattered with blood here.
You climb upwards.
You feel your anger nearly subside.
You are no longer berserk.
You are exhausted.
You feel yourself slow down.
There is a stone staircase leading down here.
You climb downwards.
The boulder beetle hits you!!
You die...

#....#.##...#
#....#......#
#...........#
#...........#
#...........#
##...........#
#........†B..#
#.......)@...#
#........)..##
##.....(....#
#...#......#
#.. ######.#
#. ..# # #.#
##


You could see a boulder beetle (rolling).

Vanquished Creatures
  Harold (D:11)
  3 two-headed ogres
  Nergalle (D:11)
  An oklob plant (D:9)
  An ugly thing (D:12)
  Joseph (D:8)
  A black mamba (D:10)
  A cane toad (D:10)
  Psyche (D:8)
  An unseen horror (D:9)
  A kobold demonologist (D:11)
  An efreet (D:11)
  2 hornets
  Sigmund (D:3)
  A wraith (D:11)
  A wyvern (D:7)
  Grum (D:11)
  19 yaks
  3 vampire mosquitoes (D:11)
  A tengu zombie (D:10)
  4 water moccasins
  7 orc warriors
  An orc zombie (D:10)
  3 black bears
  6 ice beasts
  3 ogres
  4 centaurs
  4 wolves (D:11)
  3 kobold brigands
  A gnoll sergeant (D:9)
  5 bullfrogs
  A scorpion (D:7)
  3 wights (D:8)
  8 killer bees
  3 howler monkeys (D:11)
  A vampire bat (D:8)
  7 hounds
  A jelly (D:5)
  11 orc priests
  A gnoll bouda (D:8)
  2 iguanas (D:5)
  Jessica (D:2)
  Ijyb (D:3)
  Natasha (thrice) (D:3)
  11 orc wizards
  Robin (D:3)
  28 gnolls
  10 adders
  2 white imps
  An ufetubus (D:4)
  3 dart slugs
  43 orcs
  5 endoplasms
  43 goblins
  33 hobgoblins
  11 jackals
  5 quokkas
  8 ball pythons
  11 bats
  3 frilled lizards (D:1)
  21 kobolds
  A rat (D:1)
367 creatures vanquished.

Vanquished Creatures (others)
  11 fungi (D:9)
  23 plants (D:9)
  13 toadstools (D:9)
47 creatures vanquished.

Grand Total: 414 creatures vanquished

Notes
Turn   | Place    | Note
-------+----------+-------------------------------------------
     0 | D:1      | purpskrrrp the Demigod Brigand began the quest for the Orb.
     0 | D:1      | Reached XP level 1. HP: 17/17 MP: 3/3
    87 | D:1      | Reached skill level 1 in Dodging
   100 | D:1      | Reached skill level 2 in Short Blades
   288 | D:1      | Reached XP level 2. HP: 24/24 MP: 4/4
   696 | D:1      | Reached XP level 3. HP: 7/29 MP: 5/5
   884 | D:1      | Found Kobirgh's Assorted Antiques.
  1538 | D:2      | Identified the +10 dagger of Okkiorch {elec, Will++ Str-2
                  | Int+4}
  1686 | D:2      | Noticed Jessica
  1688 | D:2      | Killed Jessica
  1689 | D:2      | Reached XP level 4. HP: 37/37 MP: 6/6
  1855 | D:2      | Reached skill level 3 in Short Blades
  2074 | D:3      | Noticed Natasha
  2080 | D:3      | Killed Natasha
  2114 | D:3      | Noticed Sigmund
  2122 | D:3      | Killed Sigmund
  2123 | D:3      | Reached skill level 5 in Stealth
  2123 | D:3      | Reached XP level 5. HP: 43/44 MP: 7/7
  2123 | D:3      | Reached XP level 6. HP: 49/50 MP: 8/8
  2282 | D:3      | Noticed Robin
  2346 | D:3      | Killed Robin
  2436 | D:3      | Found a runed translucent gate.
  2436 | D:3      | Found a runed translucent gate.
  2437 | D:3      | Found a runed translucent gate.
  2440 | D:3      | Noticed karrick's ghost (weakling GrFi)
  2440 | D:3      | Noticed whiskeysaurus's ghost (amateur DjFE)
  2553 | D:3      | Noticed Natasha
  2560 | D:3      | Killed Natasha
  2562 | D:3      | Reached skill level 4 in Short Blades
  2662 | D:3      | Noticed Ijyb
  2672 | D:3      | Killed Ijyb
  2732 | D:3      | Noticed Natasha
  2737 | D:3      | Killed Natasha
  3328 | D:4      | Reached XP level 7. HP: 56/57 MP: 9/9
  3954 | D:4      | Reached skill level 5 in Short Blades
  4398 | D:5      | Entered Level 5 of the Dungeon
  4415 | D:5      | Found Guvuel's Jewellery Shop.
  4422 | D:5      | Found a staircase to the Ecumenical Temple.
  4632 | D:5      | Reached XP level 8. HP: 51/66 MP: 10/10
  4653 | D:5      | Found a transporter.
  4769 | D:5      | Found Ridut's Antique Weapon Emporium.
  4823 | D:5      | Found Anyth's Mayhem Merchandise.
  4887 | D:5      | Found a transporter.
  5142 | D:5      | Found Xasem's Jewellery Shoppe.
  5343 | Temple   | Entered the Ecumenical Temple
  5662 | D:6      | Reached skill level 6 in Short Blades
  6031 | D:6      | Identified a scroll of acquirement
  6031 | D:6      | Acquired a manual of Short Blades
  6175 | D:7      | Reached skill level 7 in Short Blades
  6175 | D:7      | Reached XP level 9. HP: 46/73 MP: 11/11
  6311 | D:7      | Reached skill level 5 in Fighting
  6702 | D:8      | Reached skill level 8 in Short Blades
  6707 | D:8      | Reached skill level 5 in Dodging
  6777 | D:8      | Noticed Joseph
  6780 | D:8      | Killed Joseph
  7271 | D:8      | Reached skill level 9 in Short Blades
  7391 | D:8      | Noticed Psyche
  7398 | D:8      | Killed Psyche
  7667 | D:9      | Reached XP level 10. HP: 74/83 MP: 13/13
  7675 | D:9      | Paralysed by a hornet for 3 turns
  7683 | D:9      | HP: 4/83 [orc priest/divine providence (15)]
  7819 | D:9      | Reached skill level 10 in Short Blades
  7913 | D:9      | Reached skill level 10 in Stealth
  8124 | D:9      | Noticed an oklob plant
  8170 | D:9      | Killed an oklob plant
  8171 | D:9      | Reached skill level 11 in Short Blades
  9093 | D:10     | Entered Level 10 of the Dungeon
  9503 | D:10     | Noticed a two-headed ogre
  9518 | D:10     | Killed a two-headed ogre
  9568 | D:10     | Found a transporter.
  9711 | D:10     | Found a transporter.
  9715 | D:10     | Noticed a black mamba
  9814 | D:10     | Found a staircase to the Lair.
 10445 | D:10     | Gained mutation: Your flesh is heat resistant. (rF+)
                  | [potion of mutation]
 10445 | D:10     | Gained mutation: Your muscles are strong. (Str +4, Int/Dex
                  | -1) [potion of mutation]
 10446 | D:10     | Lost mutation: Your flesh is heat resistant. (rF+) [potion
                  | of mutation]
 10446 | D:10     | Lost mutation: Your muscles are strong. (Str +4, Int/Dex
                  | -1) [potion of mutation]
 10446 | D:10     | Gained mutation: You are weak. (Str -2) [potion of
                  | mutation]
 10446 | D:10     | Gained mutation: You are dopey. (Int -2) [potion of
                  | mutation]
 10446 | D:10     | Gained mutation: You occasionally lose the ability to drink
                  | potions when taking damage. [potion of mutation]
 10446 | D:10     | Gained mutation: You are partially covered in iridescent
                  | scales. (AC +2) [potion of mutation]
 10447 | D:10     | Lost mutation: You occasionally lose the ability to drink
                  | potions when taking damage. [potion of mutation]
 10447 | D:10     | Lost mutation: You are weak. (Str -2) [potion of mutation]
 10447 | D:10     | Lost mutation: You are partially covered in iridescent
                  | scales. (AC +2) [potion of mutation]
 10447 | D:10     | Gained mutation: You have large cloven feet. [potion of
                  | mutation]
 10447 | D:10     | Gained mutation: You are agile. (Dex +4, Str/Int -1)
                  | [potion of mutation]
 10447 | D:10     | Gained mutation: You have a pair of small horns on your
                  | head. [potion of mutation]
 10498 | D:10     | Killed a black mamba
 10499 | D:10     | Reached XP level 11. HP: 53/91 MP: 14/14
 10505 | D:10     | HP: 3/91 [tengu warrior zombie/+0 glaive of venom (15)]
 10509 | D:10     | HP: 1/91 [water moccasin (1)]
 10520 | D:10     | HP: 4/91 [poisoned by a tengu warrior zombie]
 10597 | D:10     | Identified the +7 dire flail "Zitt" {venom, rElec rPois rN+
                  | Str-3}
 10664 | D:11     | Reached skill level 12 in Short Blades
 10769 | D:11     | Noticed Harold
 10782 | D:11     | Killed Harold
 10815 | D:11     | Noticed Nergalle
 10828 | D:11     | Killed Nergalle
 10882 | D:11     | Noticed a two-headed ogre
 10890 | D:11     | Killed a two-headed ogre
 10977 | D:11     | Noticed Grum
 10999 | D:11     | Killed Grum
 11041 | D:11     | Found a staircase to the Orcish Mines.
 11315 | D:11     | Reached skill level 13 in Short Blades
 11657 | D:11     | Noticed a two-headed ogre
 11671 | D:11     | Killed a two-headed ogre
 11983 | D:12     | HP: 4/92 [orc warrior/+0 glaive (13)]
 11983 | D:12     | Noticed a boulder beetle
 11993 | D:12     | Mangled by a boulder beetle

Illustrated notes

Levels and vault maps discovered:
D:1:      dpeg_arrival_tiny_i, layout_basic, serial_shops,
          nicolae_shop_hallway_plus
D:2:      layout_basic, minmay_randomly_rotated_circles, uniq_jessica,
          uniq_terence
D:3:      layout_loops_ring, general_overflow_altar, gammafunk_ghost_cemetery,
          uniq_robin, uniq_natasha, uniq_ijyb, uniq_sigmund
D:4:      minmay_goblin_kobold_castle, layout_loops_ring, kennysheep_mini_moat
D:5:      gammafunk_steamed_eel, layout_basic, temple_green, serial_shops,
          nicolae_inconvenience_store, shop, nicolae_shop_waterfront,
          minmay_shop_mayhem, kennysheep_small_circle
D:6:      layout_basic, minitemple
D:7:      layout_cave_pools
D:8:      layout_basic, bloody_makhleb, gammafunk_temple_overflow_statue,
          roderic_batcave, uniq_psyche, uniq_joseph
D:9:      kennysheep_ambush_hall, layout_loops_ring, tgw_fedhas,
          nicolae_fountain_basement
D:10:     gammafunk_cloud_chamber, layout_small_grid, cheibriados_altar_1
D:11:     layout_gridville, orc_0_dummy, minmay_orc_keep, uniq_harold,
          uniq_nergalle, uniq_grum
D:12:     layout_cave_pods, minivault_5, nicolae_shop_gadgets
Temple:   dshaligram_water_room_temple

Skill      XL: |  1  2  3  4  5  6  7  8  9 10 11 |
---------------+----------------------------------+-----
Dodging        | 1 2 3 4 5 6 7 |  7.4
Short Blades   | 2 3 4 5 7 9 11 13 | 13.4
Fighting       | 2 3 4 5 6 7 |  7.6
Stealth        | 4 5 6 8 9 11 12 | 12.1
Throwing       | |  1.7

Action                   |  1- 3 |  4- 6 |  7- 9 | 10-12 || total
-------------------------+-------+-------+-------+-------++-------
Melee: Dagger            |    97 |    77 |   367 |   630 ||  1171
       Punch             |       |       |     2 |    11 ||    13
       Kick              |       |       |       |    18 ||    18
       Headbutt          |       |       |       |    50 ||    50
Throw: Dart              |    25 |    98 |   132 |   193 ||   448
       Javelin           |       |       |       |     6 ||     6
Evoke: Wand              |       |       |       |     1 ||     1
  Use: Scroll            |       |       |    11 |    13 ||    24
       Potion            |       |       |       |    16 ||    16
 Stab: Sleeping          |    10 |     5 |    11 |       ||    26
       Distracted        |       |       |     1 |       ||     1
Armor: Robe              |    27 |    14 |    59 |    27 ||   127
Dodge: Dodged            |    75 |    40 |   215 |   270 ||   600

Table legend: (Time is in decaauts)
 A = Elapsed time spent in this place.
 B = Non-inter-level travel time spent in this place.
 C = Inter-level travel time spent in this place.
 D = Time resting spent in this place.
 E = Time spent auto-exploring this place.
 F = Levels seen in this place.
 G = Mean time per level.
                   A        B        C        D        E       F      G
               +--------+--------+--------+--------+--------+-----+--------+
         Total |  11552 |  10755 |    797 |    820 |   7512 |  13 |  888.6 |
       Dungeon |  11417 |  10620 |    797 |    820 |   7412 |  12 |  951.4 |
        Temple |    134 |    134 |      0 |      0 |    100 |   1 |  134.0 |
               +--------+--------+--------+--------+--------+-----+--------+

Top non-repeatable levels by time:
     D:4: 1313 daAuts
    D:10: 1307 daAuts
     D:9: 1301 daAuts
    D:11: 1247 daAuts
     D:3: 1018 daAuts
     D:1: 1015 daAuts
     D:2: 1013 daAuts
     D:5: 993 daAuts
     D:8: 985 daAuts
     D:6: 609 daAuts
     D:7: 596 daAuts
  Temple: 134 daAuts
    D:12: 15 daAuts
